Match 28619092
Unlisted

Match 28619092
End
Kettenkrad Recon Vehicle
Construct Infanterie Kompanie
Grenadier Squad
Grenadier Squad
Grenadier Squad
MG 42 Machine Gun Team
Construct Luftwaffe Kompanie
Flak 30 Anti-aircraft Gun Team
Medical Station
GrW 34 Mortar Team
Support Elements
Wirbelwind Flakpanzer
Construct Panzergrenadier Kompanie
Nebelwerfer 42 Rocket Launcher Team
Pak 40 Anti-tank Gun Team
Selects Luftwaffe Battlegroup
Selects Reconnaissance Run
Selects Fallschirmjäger Squad Paradrop
Selects Stuka Loiter
Selects Luftwaffe Pioneer Support
Selects LG40 Recoilless Gun Paradrop
Wirbelwind Flakpanzer
Stuka Loiter
Pak 40 Anti-tank Gun Team
Pak 40 Anti-tank Gun Team
HulkSMASH
Ruby
Zulu
detritus executive officer
0
0

Comments sign in to comment!

No comments posted yet!